Workbook
Name Decision: [1]lista!$A$6:$A$7
Name PARTICIPACION: [1]lista!$A$15:$A$17
Name Procedencia: [1]lista!$A$2:$A$3
Name tipo: [1]lista!$A$11:$A$13
Name x: [2]lista!$A$11:$A$13

Sheet INFO GENERAL Y FINANCIERA
B8: Formato Información General Y Financiera De Proveedores
B10: Ciudad | M10: Fecha Dd/mm/aa | AD10: Persona Natural
AD11: Persona Jurídica
B12: 1. Información General
B13: 1.1. Identificación.
B14: Personas naturales | F14: Nombre Comercial | U14: Nombres y Apellidos | AK14: Cédula
B16: Personas jurídicas | F16: Razón Social | U16: NIT | AK16: DV
B18: Dirección | U18: Teléfono | AD18: Fax | AK18: Ciudad
B20: Pagina Web | U20: Años de Constitución | AD20: Sector al que pertenece
B22: 1.2. Personas De Contacto
B23: Gerente General | K23: E-mail | U23: Teléfono | AD23: Ext. | AK23: Celular
B25: Director Comercial | K25: E-mail | U25: Teléfono | AD25: Ext. | AK25: Celular
B27: Asesor Comercial | K27: E-mail | U27: Teléfono | AD27: Ext. | AK27: Celular
B29: 1.3. Productos Y Servicios Inscritos En El Rup De Acuerdo Con El Unspsc
B30: Incluir Listado Con Breve Descripción De Los Productos Y/o Servicios Que Ofrece La Compañía, Registrados En El Rup (agregue Las Filas Necesarias) | AK30: Código de Naciones Unidas
B36: 1.4. Códigos CIIU | AK36: 1.5. Número De Empleados
B37: Código De Actividad | F37: Descripción Actividad Económica CIIU | AD37: Tarifa ICA
B41: 2. Información Financiera - A Diciembre 31 De 2013
B42: Nombre Del Indicador | M42: Cuenta | U42: Valores En Pesos | AD42: Indicador
B43: Capacidad Financiera | F43: índice De Liquidez | M43: Activo Corriente --> | AD43: =+IFERROR(U43/U44,0) -> 0 | AK43: Veces
M44: Pasivo Corriente -->
F45: Índice De Endeudamiento | M45: Pasivo Total--> | AD45: =+IFERROR(U45/U46,0) -> 0 | AK45: Porcentaje
M46: Activo Total-->
F47: Razón De Cobertura De Intereses | M47: Utilidad Operacional--> | AD47: =+IFERROR(U47/U48,0) -> 0 | AK47: Veces
M48: Gastos De Interés-->
B49: Capacidad Organizacional | F49: Rentabilidad Del Patrimonio | M49: Utilidad Operacional--> | AD49: =+IFERROR(U49/U50,0) -> 0 | AK49: Porcentaje
M50: Patrimonio-->
F51: Rentabilidad Del Activo | M51: Utilidad Operacional--> | AD51: =+IFERROR(U51/U52,0) -> 0 | AK51: Porcentaje
M52: Activo Total-->
B53: Nota: Para las empresas inspeccionadas, vigiladas o controladas por la Supersociedades, la información consignada en este numeral será validada con la reportada a la Supersociedades y disponible para consulta en Internet mediante el Sistema de Información y Riesgo Empresarial de la Supersociedades (SIREM). Si se evidencian diferencias en los valores consignados en este formato y los reportados a la Supersociedades se tomará como referencia la información del SIREM.
B54: Otra información relevante de la empresa (consigne en este espacio otra información que considere de interés)

Sheet SERVICIO INTEGRAL ASEO Y CAFETE
B10: COTIZACIÓN- SERVICIO INTEGRAL ASEO Y CAFETERIA 2014 - 2015
B13: EMPRESA: | I13: NIT: | M13: FECHA:
B14: CONTACTO | I14: CARGO: | M14: TEL. CELULAR :
B15: E-MAIL: | I15: DIRECCIÓN: | M15: TELEFONO FIJO:
B17: Instrucciones para el diligenciamiento del formato de cotización
B18: • Por favor diligenciar solo las celdas en AMARILLO. Se deben llenar todas las casillas. • Revisar todos los requerimientos que se exponen en el documento "Ficha de Condiciones Técnicas" y Anexos; y formular su cotización en concordancia con este. • Asignar precio sin incluir el IVA en las celdas correspondientes (columnas H, L e I) y asignar la tarifa de IVA que corresponda en la celda H39 • El valor de la cotización deber ser expresado en PESOS COLOMBIANOS, para la vigencia correspondiente • Los valores unitarios deberán aproximarse por exceso o por defecto al entero más cercano. Si la cifra no está aproximada y aparece con centavos, el ICBF aproximará al entero inferior. • No modificar, agregar o quitar ningún ítem o sub-ítem.
B19: Nota: (1) "ARTICULO 462.1. BASE GRAVABLE ESPECIAL. Articulo modificado por el artículo 46 de la Ley 1607 de 2012. Para los servicios integras de aseo y cafetería, (...) la tarifa será del 16% en la parte correspondiente al AIU (Administración, Imprevistos y utilidad) que no podrá ser inferior al diez por ciento (10%) del valor del contrato."
B21: Concepto | F21: Cantidad | G21: 2014 | K21: 2015 | O21: Total 2014 + 2015
G22: Meses | H22: Valor unitario o % | I22: Valor Mes | J22: Valor total 2014 | K22: Meses | L22: Valor unitario o % | M22: Valor Mes | N22: Valor total 2015
B23: PERSONAL | C23: Supervisores | F23: 3 | G23: 1 | I23: =H23*$F23 -> 0 | J23: =I23*G23 -> 0 | K23: 11 | M23: =L23*$F23 -> 0 | N23: =M23*K23 -> 0 | O23: =N23+J23 -> 0
C24: Operarios Toderos | F24: 12 | G24: 1 | I24: =H24*F24 -> 0 | J24: =I24*G24 -> 0 | K24: 11 | M24: =L24*$F24 -> 0 | N24: =M24*K24 -> 0 | O24: =N24+J24 -> 0
C25: Jardinero | F25: 4 | G25: 1 | I25: =H25*F25 -> 0 | J25: =I25*G25 -> 0 | K25: 11 | M25: =L25*$F25 -> 0 | N25: =M25*K25 -> 0 | O25: =N25+J25 -> 0
C26: Operarios Aseo y cafetería | F26: =34+11+12+7+23+4+2+1+4+12 -> 110 | G26: 1 | I26: =H26*F26 -> 0 | J26: =I26*G26 -> 0 | K26: 11 | M26: =L26*$F26 -> 0 | N26: =M26*K26 -> 0 | O26: =N26+J26 -> 0
C27: Ayudante de bodega | F27: 4 | G27: 1 | I27: =H27*F27 -> 0 | J27: =I27*G27 -> 0 | K27: 11 | M27: =L27*$F27 -> 0 | N27: =M27*K27 -> 0 | O27: =N27+J27 -> 0
C28: Subtotal personal | F28: =SUM(F23:F27) -> 133 | G28: 1 | I28: =SUM(I23:I27) -> 0 | J28: =SUM(J23:J27) -> 0 | K28: 1 | M28: =SUM(M23:M27) -> 0 | N28: =SUM(N23:N27) -> 0 | O28: =N28+J28 -> 0
B29: INSUMOS | C29: Maquinaria y equipo | F29: Global | G29: 1 | H29: No aplica | J29: =I29*G29 -> 0 | K29: 11 | L29: No aplica | N29: =M29*K29 -> 0 | O29: =N29+J29 -> 0
C30: Gastos de insumos de aseo | F30: Global | G30: 1 | J30: =I30*G30 -> 0 | K30: 11 | N30: =M30*K30 -> 0 | O30: =N30+J30 -> 0
C31: Gastos de insumos Cafeteria | F31: Global | G31: 1 | J31: =I31*G31 -> 0 | K31: 11 | N31: =M31*K31 -> 0 | O31: =N31+J31 -> 0
C32: Subtotal insumos | F32: =SUM(F28:F31) -> 133 | G32: 1 | I32: =SUM(I29:I31) -> 0 | J32: =SUM(J29:J31) -> 0 | K32: 11 | M32: =SUM(M29:M31) -> 0 | N32: =SUM(N29:N31) -> 0 | O32: =SUM(O29:O31) -> 0
B33: Subtotal personal + insumos | F33: 133 | G33: 1 | I33: =I32+I28 -> 0 | J33: =J32+J28 -> 0 | K33: 11 | M33: =M32+M28 -> 0 | N33: =N32+N28 -> 0 | O33: =O32+O28 -> 0
B34: AIU | C34: Administración | F34: Global | G34: 1 | I34: =H34*$I$33 -> 0 | J34: =I34*G34 -> 0 | K34: 11 | L34: =H34 -> 0 | M34: =L34*$M$33 -> 0 | N34: =M34*K34 -> 0 | O34: =N34+J34 -> 0
C35: Imprevistos | F35: Global | G35: 1 | I35: =H35*$I$33 -> 0 | J35: =I35*G35 -> 0 | K35: 11 | L35: =H35 -> 0 | M35: =L35*$M$33 -> 0 | N35: =M35*K35 -> 0 | O35: =N35+J35 -> 0
C36: Utilidad | F36: Global | G36: 1 | I36: =H36*$I$33 -> 0 | J36: =I36*G36 -> 0 | K36: 11 | L36: =H36 -> 0 | M36: =L36*$M$33 -> 0 | N36: =M36*K36 -> 0 | O36: =N36+J36 -> 0
C37: Subtotal AIU | G37: 1 | H37: =SUM(H34:H36) -> 0 | I37: =SUM(I34:I36) -> 0 | J37: =SUM(J34:J36) -> 0 | K37: 11 | L37: =SUM(L34:L36) -> 0 | M37: =SUM(M34:M36) -> 0 | N37: =SUM(N34:N36) -> 0 | O37: =SUM(O34:O36) -> 0
B38: Subtotal personal + insumos + AIU | F38: 133 | G38: 1 | I38: =I37+I33 -> 0 | J38: =J37+J33 -> 0 | K38: 11 | M38: =M37+M33 -> 0 | N38: =N37+N33 -> 0 | O38: =O37+O33 -> 0
B39: (1) IVA sobre subtotal personal + insumos + AIU | G39: 1 | H39: 0.16 | I39: =H39*I38 -> 0 | J39: =I39*G39 -> 0 | K39: 11 | L39: =H39 -> 0.16 | M39: =L39*M38 -> 0 | N39: =M39*K39 -> 0 | O39: =N39+J39 -> 0
B40: Total servicio integral aseo y cafeteria | I40: =I39+I38 -> 0 | J40: =J39+J38 -> 0 | M40: =M39+M38 -> 0 | N40: =N39+N38 -> 0 | O40: =O39+O38 -> 0
B42: RESUMEN COTIZACIÓN
B43: Concepto | F43: Cantidad | H43: 2014 | L43: 2015 | O43: Total 2014+2015
H44: Meses | I44: Valor mes | J44: Total 2014 | L44: Meses | M44: Valor mes | N44: Total 2015
B45: Personal | F45: =F28 -> 133 | H45: 1 | I45: =I28 -> 0 | J45: =J28 -> 0 | L45: 11 | M45: =M28 -> 0 | N45: =N28 -> 0 | O45: =N45+J45 -> 0
B46: Insumos | F46: Gobal | H46: 1 | I46: =I32 -> 0 | J46: =J32 -> 0 | L46: 11 | M46: =M32 -> 0 | N46: =N32 -> 0 | O46: =N46+J46 -> 0
B47: Subtotal P+I | I47: =I45+I46 -> 0 | J47: =J45+J46 -> 0 | M47: =M45+M46 -> 0 | N47: =N45+N46 -> 0 | O47: =N47+J47 -> 0
B48: AIU | F48: =H37 -> 0 | I48: =I37 -> 0 | J48: =J37 -> 0 | M48: =M37 -> 0 | N48: =N37 -> 0 | O48: =N48+J48 -> 0
B49: Subtotal P+I+AIU | I49: =I48+I47 -> 0 | J49: =J48+J47 -> 0 | M49: =M48+M47 -> 0 | N49: =N48+N47 -> 0 | O49: =O48+O47 -> 0
B50: IVA | F50: =H39 -> 0.16 | I50: =I39 -> 0 | J50: =J39 -> 0 | M50: =M39 -> 0 | N50: =N39 -> 0 | O50: =O39 -> 0
B51: Total | I51: =I50+I49 -> 0 | J51: =J50+J49 -> 0 | M51: =M50+M49 -> 0 | N51: =N50+N49 -> 0 | O51: =O50+O49 -> 0
B53: La presente cotización:
B54: • Incluye todos los costos y gastos directos e indirectos en que debe incurrir el contratista durante la ejecución del contrato de acuerdo con las especificaciones de la Ficha de Condiciones Técnicas, las obligaciones tributarias de acuerdo con las normas aplicables para el tipo de servicio y contrato correspondiente, y los costos de las pólizas. • Se remite como parte del estudio de mercado, previo a la contratación, y no implica ninguna obligación de contratar. • Tiene una vigencia de 90 dias a partir de la fecha de diligenciamiento.
B55: Inscripción en el Registro Único de Proponentes: Las personas naturales y jurídicas, nacionales o extranjeras, con domicilio en Colombia, interesadas en participar en procesos de contratación convocados por las entidades estatales, deben estar inscritas en el RUP, salvo las excepciones previstas de forma taxativa en la ley (Artículo 8 del Decreto 1510 de 2013). Se aclara que esta inscripción no se requiere para remitir cotización durante el estudio de mercado.

Sheet POLIZAS
B9: CONCEPTOS A TENER EN CUENTA PARA REALIZAR LA COTIZACIÓN DE DOTACIÓN INDUSTRIAL
B12: El presente cuadro es de carácter informativo, no se debe diligenciar. Sin embargo se entiende que la cotización incluye la totalidad de los conceptos relacionados a continuación.
B14: PÓLIZAS PARA LEGALIZACIÓN DEL CONTRATO
B16: CONCEPTO | D16: COBERTURA | E16: PLAZO (En Meses)
B17: Garantía de Seriedad de la oferta | D17: 0.1 | E17: Plazo de Ejecución
B18: Cumplimiento | D18: 0.2 | E18: Plazo de ejecución + 4 meses mas
B19: Salarios, Prestaciones | D19: 0.1 | E19: Plazo de ejecución + 36 meses mas
B20: Calidad de los Servicios | D20: 0.2 | E20: Plazo de ejecución + 4 meses mas
B21: Responsabilidad civil extracontractual | D21: 0.1 | E21: Plazo de Ejecución
B22: Cobertura: Corresponde al porcentaje del valor total del contrato a amparar.

Sheet INFO EXPERIENCIA
B8: EXPERIENCIA EN CONTRATACION EN LOS ULTIMOS 5 AÑOS
B9: EXPERIENCIA EN CONTRATACIÓN EN LOS ÚLTIMOS 5 AÑOS
B11: Empresa: | C11: =IF('SERVICIO INTEGRAL ASEO Y CAFETE'!E13="","",'SERVICIO INTEGRAL ASEO Y CAFETE'!E13) | F11: Nit: | G11: =IF('SERVICIO INTEGRAL ASEO Y CAFETE'!I13:J13="","",'SERVICIO INTEGRAL ASEO Y CAFETE'!I13:J13) -> #VALUE! | I11: Fecha: | J11: =IF('SERVICIO INTEGRAL ASEO Y CAFETE'!N13="","",'SERVICIO INTEGRAL ASEO Y CAFETE'!N13)
B12: Contacto: | C12: =IF('SERVICIO INTEGRAL ASEO Y CAFETE'!E14="","",'SERVICIO INTEGRAL ASEO Y CAFETE'!E14) | F12: Cargo: | G12: =IF('SERVICIO INTEGRAL ASEO Y CAFETE'!I14:J14="","",'SERVICIO INTEGRAL ASEO Y CAFETE'!I14:J14) -> #VALUE! | I12: Tel. celular: | J12: =IF('SERVICIO INTEGRAL ASEO Y CAFETE'!N14="","",'SERVICIO INTEGRAL ASEO Y CAFETE'!N14)
B13: E-Mail: | C13: =IF('SERVICIO INTEGRAL ASEO Y CAFETE'!E15="","",'SERVICIO INTEGRAL ASEO Y CAFETE'!E15) | F13: Dirección: | G13: =IF('SERVICIO INTEGRAL ASEO Y CAFETE'!I15:J15="","",'SERVICIO INTEGRAL ASEO Y CAFETE'!I15:J15) -> #VALUE! | I13: Tel. fijo: | J13: =IF('SERVICIO INTEGRAL ASEO Y CAFETE'!N15="","",'SERVICIO INTEGRAL ASEO Y CAFETE'!N15)
B15: Con el fin de conocer la experiencia con la que cuentan las empresas del sector relacionada con el objeto del presente estudio de mercado, agradecemos diligenciar el cuadro que sigue con base en los contratos suscritos en los últimos 5 años, cuyos objetos están relacionados con el objeto del presente estudio de mercado
B17: Tipo de entidad | C17: Entidad o Empresa | D17: Numero del contrato | E17: Objeto del contrato | F17: Fecha de suscripción (dd/mmm/aa) | G17: Plazo de ejecución (en años) | H17: Forma de participación (UT, consorcio, individual) | I17: % de participación | J17: Valor total ejecutado del contrato (de acuerdo con el % de participación)
B29: Nota: Agregar las filas necesarias para reportar la experiencia
